 Dungeon Crawl Stone Soup version 0.31-a0-662-g684573625c (webtiles) character file.

Game seed: 10843917329853612626

1624 cforsyth the Fighter (level 9, -4/106 HPs)
             Began as a Djinni Cinder Acolyte on Sept 1, 2023.
             Was an Initiate of Hepliaklqana.
             Slain by a fire elemental (6 damage)
             ... created by the fiery vengeance of Ignis
             ... in an ossuary.
             The game lasted 00:10:29 (5950 turns).

cforsyth the Fighter (Djinni Cinder Acolyte)        Turns: 5950, Time: 00:10:29

Health: -4/106     AC: 24    Str: 13    XL:     9   Next: 17%
Gold:   350        EV:  2    Int: 21    God:    Hepliaklqana [......] SH:  0 Dex: 12

rFire   . . .        r - +8 dagger of Offence {heavy, rN+ Dex+4}
rCold   . . .        (no shield)
rNeg    + . .        b - melded +0 robe
rPois   ∞            (helmet currently unavailable)
rElec   .            i - melded +0 cloak
rCorr   .            (gloves currently unavailable)
SInv    .            (boots unavailable)
Will    .....        (no amulet)
Stlth   +            (no ring)
HPRegen 0.37/turn    (no ring)
MPRegen 0.00/turn

%: infuse magic (-5 HP)
@: tree-form, fire susceptible
A: stationary, stasis, torment immunity, boosted hp, sickness immunity, (fire
resistance 2), (cold vulnerability 1), float, innate caster, HP casting, extra
vitality 1
a: Renounce Religion


You were in an ossuary.
You worshipped Hepliaklqana.
Hepliaklqana was noncommittal.
You were a tree.
You visited 1 branch of the dungeon, and saw 6 of its levels.
You also visited: Ossuary.

You collected 350 gold pieces.

Inventory:

Hand Weapons
 a - a -1 falchion of flaming
 r - the +8 dagger of Offence (weapon) {heavy, rN+ Dex+4}
   (You found it on level 5 of the Dungeon)

   Dex+4:     It affects your dexterity (+4).
   rN+:       It protects you from negative energy.
Armour
 b - a +0 robe (melded)
 i - a +0 cloak (melded)
Jewellery
 l - a ring of see invisible
 m - a ring of ice
Wands
 o - a wand of charming (22)
Scrolls
 c - 5 scrolls of identify
 d - 2 scrolls of revelation
 f - a scroll of torment {unknown}
Potions
 e - 2 potions of haste {unknown}
 g - 2 potions of heal wounds {unknown}
 h - a potion of lignification
 j - a potion of curing
 k - a potion of resistance {unknown}
 n - 2 potions of enlightenment
 p - a potion of brilliance {unknown}
 s - a potion of attraction {unknown}


   Skills:
 + Level 8.4 Fighting
 - Level 2.6 Long Blades
 + Level 6.2 Spellcasting
 + Level 6.2 Conjurations
 + Level 6.2 Hexes
 + Level 6.2 Summonings
 + Level 6.2 Necromancy
 + Level 6.2 Translocations
 + Level 6.2 Transmutations
 + Level 6.2 Fire Magic
 + Level 6.2 Ice Magic
 + Level 6.2 Air Magic
 + Level 6.2 Earth Magic
 + Level 6.2 Poison Magic


You knew the following spells:

 Your Spells              Type           Power      Damage    Failure   Level
a - Scorch                Fire           64%        2d7       1%          2
b - Kiss of Death         Conj/Necr      100%       2d13      1%          1
c - Searing Ray           Conj           64%        2d6       1%          2
d - Summon Guardian Gole  Hex/Summ       32%        N/A       2%          3
e - Portal Projectile     Hex/Tloc       64%        N/A       2%          3
Your spell library was empty.

Dungeon Overview and Level Annotations

Branches:
Dungeon (6/15)             Temple (0/1) D:4         Ossuary (1/1)

Altars:
Hepliaklqana
Okawaru
Uskayaw
Wu Jian

Annotations:
D:6 Edmund


Innate Abilities, Weirdness & Mutations

You are a tree.
Your roots penetrate the ground, keeping you stationary.
You cannot be teleported.
You are immune to unholy pain and torment.
Your maximum health is greatly increased.
Your equipment is partially melded.
You are immune to sickness and miasma.
You are immune to poison.
((Your flesh is very heat resistant. (rF++)))
((You are vulnerable to cold. (rC-)))
You float through the air rather than walking.
You learn spells naturally, not from books.
Your magical power is your life essence.
You have superior vitality. (+4 MHP)


Message History

The fire elemental barely misses you. The fire elemental hits you. x2
The fire elemental burns you! The fire elemental hits you.
The fire elemental burns you! The fire elemental hits you.
The fire elemental burns you! The fire elemental hits you.
The fire elemental burns you!
You closely miss the fire elemental.
The fire elemental is moderately damaged.
The fire elemental hits you.
The fire elemental completely misses you.
The fire elemental hits you. The fire elemental burns you!
The fire elemental hits you. The fire elemental burns you!
The fire elemental hits you. The fire elemental burns you!
The fire elemental hits you. The fire elemental burns you!
The fire elemental barely misses you. The fire elemental hits you.
The fire elemental burns you!
You closely miss the fire elemental.
The fire elemental is moderately damaged.
The fire elemental hits you. The fire elemental burns you!
The fire elemental hits you. The fire elemental burns you!
* * * LOW HITPOINT WARNING * * *
The fire elemental hits you. The fire elemental burns you!
* * * LOW HITPOINT WARNING * * *
The fire elemental hits you. The fire elemental burns you!
* * * LOW HITPOINT WARNING * * *
The fire elemental hits you. The fire elemental burns you!
* * * LOW HITPOINT WARNING * * *
The fire elemental hits you. The fire elemental burns you!
* * * LOW HITPOINT WARNING * * *
The fire elemental hits you. The fire elemental burns you!
* * * LOW HITPOINT WARNING * * *
The fire elemental hits you. The fire elemental burns you!
* * * LOW HITPOINT WARNING * * *
You puncture the fire elemental!
The fire elemental is severely damaged.
The fire elemental hits you. The fire elemental burns you!
* * * LOW HITPOINT WARNING * * *
The fire elemental hits you. The fire elemental burns you!
* * * LOW HITPOINT WARNING * * *
The fire elemental hits you. The fire elemental burns you!
You die...

####################
#∩..#...E☼...#...'..
#...+...#.☼..#...#..
#...#...#....'...#..
###+##############'#
#...# #.. #...# #..
#.EE# #.. #.E♣# #..
###E# ##' #.EE# #..
#...# #.. #...# #..
#...# #.. ##'## ###
#...# #.. #○☼.# ###
#####..


You could see 6 fire elementals.

Vanquished Creatures
  A water moccasin (D:6)
  A black bear (D:5)
  3 ogres (D:5)
  A gnoll sergeant (D:5)
  3 scorpions
  3 water moccasin zombies (Ossuary)
  A howler monkey (D:5)
  4 hounds
  An orc priest (D:4)
  Jessica (D:2)
  An iguana (D:5)
  Ijyb (D:4)
  3 orc wizards
  6 adders
  6 gnolls
  A shadow imp (D:5)
  2 white imps (D:5)
  7 adder zombies (Ossuary)
  4 worms
  3 dart slugs
  8 orcs
  4 ball pythons
  6 endoplasms
  4 giant cockroaches
  5 goblins
  3 hobgoblins
  2 jackals (D:2)
  5 kobolds
  2 quokkas
  2 bats
  3 frilled lizards
  2 gnoll zombies (Ossuary)
  A hobgoblin zombie (Ossuary)
  5 kobold zombies (Ossuary)
  5 orc zombies (Ossuary)
  5 rats
115 creatures vanquished.

Vanquished Creatures (collateral kills)
  An ice beast (D:6)
  11 foxfires (D:2)
12 creatures vanquished.

Vanquished Creatures (others)
  An ogre (D:5)
  A howler monkey (D:6)
  A hound (D:6)
  An adder (D:6)
  A shadow imp (D:6)
  108 foxfires
113 creatures vanquished.

Grand Total: 240 creatures vanquished

Notes
Turn   | Place    | Note
-------+----------+-------------------------------------------
     0 | D:1      | cforsyth the Djinni Cinder Acolyte began the quest for the
                  | Orb.
     0 | D:1      | cforsyth set off with the following spells memorised:
                  | Scorch.
     0 | D:1      | Reached XP level 1. HP: 20/20 MP: 0/0
   380 | D:1      | Reached XP level 2. HP: 19/25 MP: 0/0
   727 | D:2      | Found a hazy altar of Hepliaklqana.
   732 | D:2      | Reached XP level 3. HP: 26/30 MP: 0/0
   732 | D:2      | Learned a level 1 spell: Kiss of Death
  1052 | D:2      | Reached XP level 4. HP: 33/37 MP: 0/0
  1096 | D:2      | Reached skill level 4 in Fighting
  1322 | D:2      | Noticed Jessica
  1326 | D:2      | Killed Jessica
  1327 | D:2      | Reached XP level 5. HP: 38/42 MP: 0/0
  1327 | D:2      | Learned a level 2 spell: Searing Ray
  1787 | D:3      | Found a hide-covered altar of Uskayaw.
  1956 | D:3      | Found an iron altar of Okawaru.
  2340 | D:4      | Noticed Ijyb
  2427 | D:4      | Found a staircase to the Ecumenical Temple.
  2715 | D:4      | Reached skill level 5 in Fighting
  2715 | D:4      | Reached XP level 6. HP: 37/49 MP: 0/0
  2875 | D:4      | Killed Ijyb
  3045 | D:4      | Found an ornate altar of the Wu Jian Council.
  3314 | D:5      | Entered Level 5 of the Dungeon
  3336 | D:5      | Reached XP level 7. HP: 42/54 MP: 0/0
  3336 | D:5      | Learned a level 3 spell: Summon Guardian Golem
  3531 | D:5      | Reached skill level 6 in Fighting
  3785 | D:5      | Reached skill level 5 in Spellcasting
  3785 | D:5      | Reached skill level 5 in Conjurations
  3785 | D:5      | Reached skill level 5 in Hexes
  3785 | D:5      | Reached skill level 5 in Summonings
  3785 | D:5      | Reached skill level 5 in Necromancy
  3785 | D:5      | Reached skill level 5 in Translocations
  3785 | D:5      | Reached skill level 5 in Transmutations
  3785 | D:5      | Reached skill level 5 in Fire Magic
  3785 | D:5      | Reached skill level 5 in Ice Magic
  3785 | D:5      | Reached skill level 5 in Air Magic
  3785 | D:5      | Reached skill level 5 in Earth Magic
  3785 | D:5      | Reached skill level 5 in Poison Magic
  3785 | D:5      | Reached XP level 8. HP: 30/62 MP: 0/0
  4582 | D:2      | Fell from the grace of Ignis
  4582 | D:2      | Became a worshipper of Hepliaklqana the Forgotten
  4871 | D:5      | Identified the +8 dagger of Offence {heavy, rN+ Dex+4}
  4923 | D:5      | Reached skill level 7 in Fighting
  5242 | D:6      | Noticed Edmund
  5256 | D:6      | Reached skill level 8 in Fighting
  5256 | D:6      | Reached XP level 9. HP: 37/70 MP: 0/0
  5256 | D:6      | Learned a level 3 spell: Portal Projectile
  5265 | D:6      | Found a sand-covered staircase.
  5307 | Ossuary  | Entered an ossuary
  5950 | Ossuary  | HP: 3/106 [fire elemental[the fiery vengeance of Ignis]
                  | (6)]
  5950 | Ossuary  | Slain by a fire elemental

Illustrated notes

Levels and vault maps discovered:
D:1:      eino_arrival_water_star, layout_loops_ring
D:2:      layout_loops_corners, basic_altar, grunt_ministairs_14,
          cheibrodos_gnoll_hut, uniq_jessica
D:3:      layout_basic, nicolae_uskayaw_murder_on_the_dancefloor,
          lemuel_doored_altar
D:4:      layout_cave_pods, nzn_wu_jian_contemplation,
          minmay_temple_entry_overgrown, kennysheep_windowed_goal, uniq_ijyb
D:5:      layout_loops_ring, grunt_ministairs_12
D:6:      layout_rooms, xom_confusion_cloud, enter_ossuary_2, uniq_edmund,
          uniq_sigmund, uniq_grinder
Ossuary:  ossuary_tomb_2

Skill      XL: |  1  2  3  4  5  6  7  8 |
---------------+-------------------------+-----
Spellcasting   | 3 4 5 6 |  6.2
Conjurations   | 3 4 5 6 |  6.2
Hexes          | 3 4 5 6 |  6.2
Summonings     | 3 4 5 6 |  6.2
Necromancy     | 3 4 5 6 |  6.2
Translocations | 3 4 5 6 |  6.2
Transmutations | 3 4 5 6 |  6.2
Fire Magic     | 3 4 5 6 |  6.2
Ice Magic      | 3 4 5 6 |  6.2
Air Magic      | 3 4 5 6 |  6.2
Earth Magic    | 3 4 5 6 |  6.2
Poison Magic   | 3 4 5 6 |  6.2
Fighting       | 4 5 6 8 |  8.4
Long Blades    | |  2.6

Action                     |  1- 3 |  4- 6 |  7- 9 || total
---------------------------+-------+-------+-------++-------
  Melee: Falchion          |    44 |    15 |    13 ||    72
         Punch             |       |     1 |       ||     1
         Dagger            |       |       |     9 ||     9
   Cast: Scorch            |     9 |    73 |    91 ||   173
         Searing Ray       |       |     1 |       ||     1
         Summon Guardian G |       |       |     1 ||     1
 Invoke: Foxfire Swarm     |     2 |       |     7 ||     9
         Rising Flame      |       |       |     1 ||     1
  Evoke: Wand              |       |       |     1 ||     1
    Use: Scroll            |       |       |     5 ||     5
         Potion            |       |       |     3 ||     3
   Stab: Sleeping          |     1 |       |       ||     1
 Armour: Robe              |    32 |    31 |    72 ||   135
         Skin              |       |       |    54 ||    54
  Dodge: Dodged            |    38 |    27 |    52 ||   117

Table legend: (Time is in decaauts)
 A = Elapsed time spent in this place.
 B = Non-inter-level travel time spent in this place.
 C = Inter-level travel time spent in this place.
 D = Time resting spent in this place.
 E = Time spent auto-exploring this place.
 F = Levels seen in this place.
 G = Mean time per level.
                   A        B        C        D        E       F      G
               +--------+--------+--------+--------+--------+-----+--------+
         Total |   5965 |   5600 |    365 |    637 |   4211 |   7 |  852.1 |
       Dungeon |   5320 |   4955 |    365 |    444 |   3861 |   6 |  886.7 |
       Ossuary |    644 |    644 |      0 |    193 |    350 |   1 |  644.0 |
               +--------+--------+--------+--------+--------+-----+--------+

Top non-repeatable levels by time:
     D:4: 1411 daAuts
     D:5: 1351 daAuts
     D:2: 1277 daAuts
 Ossuary: 644 daAuts
     D:1: 617 daAuts
     D:3: 561 daAuts
     D:6: 101 daAuts
